Map: Nightscape LE

Players

Massa - Winner!

  • Race: Terran Terran
  • League: Platinum
  • Spawn Location: 7:00

qqq - Winner!

  • Race: Zerg Zerg
  • Spawn Location: 7:00

JakoBo

  • Race: Zerg Zerg
  • League: Diamond
  • Spawn Location: 1:00

SubMarine

  • Race: Terran Terran
  • Spawn Location: 1:00

VOD

Have the link to the VOD?

Description

Time

  • Played on: Oct. 25, 2020, 7:32 a.m.
  • Length: 26:46
Show
View Real Time Build Order
Export as new Build Order

Massa Terran - Winner!

Build Orders: Gas First Reaper Expand 

Get SALT Encoding   

  12  0:00  SCV  
  13  0:12  SCV  
  14  0:23  Supply Depot  
  14  0:24  SCV  
  15  0:29  Refinery  
  15  0:44  SCV  
  15  0:46  Barracks  
  16  0:56  SCV  
  17  1:08  SCV  
  18  1:20  SCV  
  19  1:35  Orbital Command  
  19  1:42  Command Center  
  19  1:57  Supply Depot  
  19  2:03  Factory  
  19  2:07  Reaper  
  20  2:11  SCV  
  21  2:31  SCV  
  22  2:39  Marine  
  22  2:43  SCV  
  24  2:48  Factory Tech Lab  
  24  3:07  Siege Tank  
  24  3:10  Barracks Reactor  
  27  3:13  Orbital Command  
  27  3:14  SCV  
  27  3:19  Refinery  
  28  3:26  SCV  
  29  3:34  Refinery x2  
  29  3:47  Marine x2  
  31  3:51  Starport  
  31  3:57  Engineering Bay  
  31  3:59  Command Center  
  31  4:00  SCV x2  
  33  4:05  Marine x2  
  35  4:11  Widow Mine  
  35  4:12  SCV x2  
  39  4:22  Marine  
  39  4:23  Marine  
  41  4:30  Medivac  
  43  4:33  Widow Mine  
  44  4:40  Marine  
  44  4:41  Marine  
  46  4:49  Supply Depot  
  46  4:51  Supply Depot  
  46  5:10  Widow Mine, SCV x2, Marine x2  
  52  5:22  SCV x2  
  52  5:25  Orbital Command  
  52  5:28  Barracks, Marine x2  
  56  5:32  Siege Tank  
  56  5:34  SCV x2  
  61  5:37  Missile Turret  
  61  5:46  SCV x2  
  63  5:55  Missile Turret  
  63  5:56  Missile Turret  
  63  6:17  Marine  
  63  6:18  Marine  
  65  6:20  Barracks Tech Lab  
  65  6:28  Orbital Command, Barracks, Liberator  
  68  6:35  Marine  
  61  6:55  Orbital Command  
  61  7:00  SCV  
  62  7:05  SCV  
  63  7:13  SCV  
  64  7:17  SCV  
  65  7:25  SCV  
  65  7:29  SCV  
  67  7:37  SCV  
  67  7:41  SCV  
  69  7:49  SCV  
  70  7:53  SCV  
  67  8:06  Marauder  
  67  8:07  Barracks Tech Lab, Marine x2  
  67  8:09  Stimpack  
  67  8:11  SCV x3  
  74  8:23  SCV x2  
  74  8:24  SCV, Missile Turret  
  77  8:39  Supply Depot  
  77  8:41  Terran Infantry Weapons Level 1  
  77  8:42  Armory, Supply Depot x2  
  77  8:43  Supply Depot  
  77  8:44  Supply Depot  
  77  8:46  Missile Turret  
  77  8:54  Missile Turret  
  77  9:00  Marine x2  
  77  9:01  Marauder, Siege Tank  
  84  9:04  Marauder  
  84  9:06  Missile Turret  
  84  9:09  Supply Depot  
  82  9:18  Marine  
  82  9:21  Marine  
  82  9:22  Marauder  
  84  9:25  Marauder  
  84  9:27  Missile Turret, Medivac  
  88  9:33  Siege Tank  
  88  9:35  SCV x3  
  88  9:36  Marine  
  95  9:39  Marine  
  95  9:42  Barracks  
  95  9:44  Barracks, Marauder  
  98  9:46  Marauder  
  98  9:47  SCV x3  
  98  9:48  Missile Turret  
  98  9:52  Starport  
  103  9:53  Engineering Bay  
  103  9:54  Marine  
  103  9:56  Armory  
  103  9:57  Marine, Medivac  
  103  9:59  Terran Vehicle Weapons Level 1  
  107  10:00  Combat Shield  
  107  10:05  Marauder  
  109  10:08  Marauder  
  111  10:29  Viking  
  111  10:35  Terran Infantry Armor Level 1  
  110  10:58  Marauder x2  
  110  10:59  Barracks Reactor, Barracks Tech Lab, Viking  
  110  11:00  Marine  
  110  11:01  Marine  
  110  11:02  Siege Tank  
  121  11:14  Refinery x2  
  121  11:18  Marine x2, Concussive Shells  
  122  11:19  Marauder  
  125  11:36  Command Center  
  125  11:50  Supply Depot  
  125  11:51  Supply Depot x2  
  125  11:52  Viking  
  125  11:53  Supply Depot  
  125  11:54  Marauder x2, Marine x2, Supply Depot  
  125  11:55  Supply Depot  
  125  11:56  Siege Tank  
  103  12:12  Marine x2  
  108  12:15  Marauder  
  108  12:16  Marauder, Supply Depot  
  108  12:18  Supply Depot x2  
  108  12:19  Supply Depot  
  102  12:28  Siege Tank  
  102  12:29  Marauder, Marine  
  77  12:36  Marine  
  80  12:37  Marauder  
  80  12:50  Marauder  
  78  12:52  Marine x4  
  78  12:55  Orbital Command, Marauder  
  78  12:56  SCV  
  78  12:57  SCV x2  
  78  12:58  Marine  
  88  13:00  Siege Tank  
  91  13:08  SCV  
  91  13:09  SCV x2  
  91  13:10  Marine x4  
  91  13:12  Marauder  
  100  13:16  Marauder x2  
  104  13:20  SCV  
  104  13:21  SCV x2  
  93  13:27  Marine  
  93  13:28  Marine x3  
  93  13:32  Siege Tank  
  93  13:33  SCV x3, Marauder  
  90  13:37  Marauder x2  
  86  13:45  SCV x3, Marine  
  86  13:46  Marine x3  
  87  13:50  Orbital Command  
  87  13:55  Marauder  
  88  13:59  Marauder x2  
  92  14:03  Marine  
  92  14:04  Marine  
  92  14:05  Siege Tank  
  92  14:08  Medivac  
  99  14:15  Marine  
  99  14:16  SCV  
  99  14:17  SCV x3  
  102  14:20  Marauder x2  
  108  14:26  Terran Infantry Armor Level 2, Missile Turret  
  108  14:28  SCV, Terran Vehicle And Ship Armor Level 1  
  108  14:29  SCV x2  
  111  14:32  Refinery  
  111  14:34  Marauder  
  111  14:37  Refinery, Siege Tank  
  111  14:38  Medivac  
  118  14:45  Missile Turret  
  118  15:03  SCV x3  
  118  15:04  SCV  
  122  15:08  Viking  
  122  15:10  Command Center  
  123  15:15  SCV  
  123  15:16  SCV x3  
  123  15:19  Missile Turret  
  127  15:27  SCV, Missile Turret  
  127  15:28  SCV x2  
  130  15:38  Viking  
  130  15:41  Sensor Tower  
  132  16:01  Marauder x3, Marine  
  132  16:02  Marine x3  
  132  16:04  Siege Tank  
  145  16:19  Marine x4  
  145  16:22  Marauder  
  145  16:23  Marauder x2, Planetary Fortress  
  155  16:28  Factory  
  155  16:30  Factory  
  155  16:31  Missile Turret x2  
  155  16:36  Siege Tank  
  155  16:37  Marine x4  
  162  16:43  Terran Vehicle And Ship Armor Level 2, Marauder  
  162  16:44  Terran Vehicle Weapons Level 2, Marauder x2  
  162  16:46  Terran Infantry Weapons Level 2, Terran Infantry Armor Level 3  
  168  16:53  Missile Turret x2  
  168  16:54  Marine  
  168  16:55  Marine x3  
  172  17:05  Marauder x3  
  176  17:12  Marine  
  177  17:26  Marauder  
  177  17:27  Marauder x2  
  168  17:43  SCV  
  168  17:44  SCV x3  
  171  17:48  Marauder x2  
  175  17:55  SCV  
  175  17:56  SCV x3  
  179  18:04  Command Center  
  179  18:07  SCV  
  179  18:08  SCV x3  
  183  18:15  Command Center, Medivac  
  186  18:20  SCV x4, Factory Tech Lab x2  
  189  18:32  SCV x4  
  193  18:45  Medivac  
  104  19:12  Marauder x3, Marine x2  
  104  19:13  Marine x2  
  104  19:15  Medivac  
  99  19:19  Siege Tank x3  
  99  19:22  Planetary Fortress  
  106  19:25  Refinery  
  106  19:27  SCV  
  106  19:28  Refinery, SCV x3  
  110  19:33  Marauder x3  
  116  19:38  Command Center  
  116  19:39  SCV  
  116  19:40  SCV x3  
  120  19:51  SCV, Siege Tank x3  
  120  19:52  SCV x3, Missile Turret  
  134  19:53  Missile Turret x2  
  134  19:54  Marauder  
  134  19:55  Marauder x2  
  134  19:58  Starport Reactor  
  137  20:01  Terran Infantry Weapons Level 3  
  137  20:03  Terran Vehicle And Ship Armor Level 3, SCV, Terran Vehicle Weapons Level 3  
  137  20:04  SCV  
  136  20:15  Starport  
  136  20:16  Marauder x3, Missile Turret  
  136  20:20  Starport  
  135  20:23  Siege Tank  
  135  20:26  Missile Turret  
  135  20:27  Missile Turret x2  
  133  20:30  Thor x2  
  143  20:37  Marauder  
  143  20:38  Marauder x2  
  149  20:46  Missile Turret x2  
  149  20:48  Missile Turret  
  149  20:55  Thor  
  150  21:06  Missile Turret  
  150  21:13  Thor x2  
  150  21:14  Missile Turret  
  150  21:15  Missile Turret  
  150  21:16  Missile Turret x2  
  150  21:17  Missile Turret  
  150  21:18  Missile Turret  
  160  21:19  Missile Turret  
  123  21:36  Viking x2  
  116  21:50  Marine  
  116  21:51  Marine  
  112  21:56  Thor  
  118  22:06  Viking x2  
  122  22:08  Marine x2  
  124  22:23  Factory  
  124  22:26  Marine x2  
  124  22:27  Missile Turret  
  124  22:28  Missile Turret  
  126  22:30  Missile Turret  
  126  22:31  Missile Turret  
  126  22:36  Viking  
  128  22:37  Marauder  
  128  22:38  Marauder x2, Marine x2  
  122  22:44  Marine x2  
  122  22:48  Viking x2  
  122  22:50  Command Center  
  124  22:55  Marine x2  
  126  22:58  Marine x2  
  126  23:03  Factory  
  128  23:06  Viking  
  130  23:14  Marine  
  130  23:15  Marine x4  
  130  23:16  Marine  
  130  23:19  Missile Turret  
  136  23:20  Missile Turret x2  
  136  23:21  Missile Turret  
  132  23:27  Thor x2  
  129  24:00  Missile Turret x2  
  129  24:03  Missile Turret  
  129  24:20  Thor x3  
  129  24:22  Missile Turret  
  129  24:23  Missile Turret  
  147  24:24  Missile Turret  
  147  24:42  Marauder x3, Marine x4  
  147  24:43  Missile Turret  
  157  24:48  Missile Turret x2  
  157  24:51  Planetary Fortress  
  157  24:59  Marine  
  157  25:00  Marine  
  157  25:02  Thor  
  157  25:03  Marauder x3  
  169  25:24  Marauder  
  171  25:37  Refinery  
  151  26:13  Marauder x3, Marine x2  
Show
View Real Time Build Order
Export as new Build Order

qqq Zerg - Winner!

Build Orders: Hatch First, Lurkers 

Get SALT Encoding   

  12  0:00  Drone  
  13  0:09  Drone  
  14  0:37  Hatchery  
  14  0:41  Drone  
  14  0:54  Spawning Pool  
  13  1:03  Overlord  
  13  1:07  Drone  
  14  1:16  Extractor, Drone  
  14  1:34  Drone x2  
  14  1:36  Drone  
  17  1:45  Queen  
  19  1:55  Drone  
  20  2:04  Queen  
  20  2:07  Drone x2  
  24  2:11  Drone  
  25  2:21  Metabolic Boost  
  24  2:24  Drone  
  24  2:25  Drone  
  26  2:35  Spine Crawler, Zergling x2  
  26  2:37  Drone  
  27  2:45  Drone  
  27  2:48  Overlord  
  28  3:02  Overlord  
  28  3:03  Overlord  
  28  3:07  Zergling x4  
  28  3:08  Drone x2  
  28  3:10  Drone  
  33  3:22  Zergling x4  
  33  3:23  Drone x2  
  33  3:24  Drone  
  38  3:34  Drone, Baneling Nest  
  38  3:45  Zergling x4  
  38  3:46  Drone x2, Zergling x4  
  44  3:59  Drone x4  
  46  4:15  Zergling x4  
  46  4:16  Zergling x6  
  46  4:17  Drone  
  51  4:21  Drone  
  50  4:41  Zergling x4  
  50  4:44  Overlord x2  
  52  4:47  Hatchery  
  51  4:55  Baneling x5  
  51  4:57  Zergling x2  
  51  4:58  Overlord  
  52  5:02  Lair  
  52  5:03  Drone x2  
  52  5:04  Drone  
  55  5:08  Extractor  
  55  5:10  Overlord  
  54  5:15  Hatchery  
  54  5:21  Zergling x8  
  46  5:51  Hatchery  
  46  5:56  Zergling x2  
  46  5:57  Zergling x14  
  53  6:05  Zergling x6  
  53  6:06  Drone  
  57  6:18  Zergling x10  
  59  6:19  Drone  
  63  6:27  Drone  
  63  6:29  Baneling, Hydralisk Den  
  63  6:30  Baneling x7  
  63  6:31  Baneling x2  
  63  6:33  Centrifical Hooks  
  63  6:49  Zergling x8  
  63  6:50  Zergling x8  
  63  6:51  Drone x6  
  77  7:00  Hatchery  
  64  7:22  Zergling x4  
  58  7:23  Zergling x10  
  58  7:24  Drone x7  
  58  7:25  Drone  
  58  7:29  Hatchery  
  69  7:35  Extractor  
  68  7:37  Muscular Augments  
  68  7:39  Lurker Den  
  68  7:43  Zergling x6  
  68  7:44  Zergling x8  
  67  7:54  Zergling x4  
  68  8:05  Hydralisk x3, Zergling x8  
  72  8:07  Drone x4  
  72  8:08  Drone x3  
  85  8:13  Extractor  
  84  8:31  Spore Crawler  
  83  8:41  Zergling x8  
  83  8:42  Zergling x12  
  93  8:51  Hydralisk x2  
  93  8:53  Drone x7, Hydralisk x3  
  93  8:54  Drone, Hydralisk  
  113  8:59  Baneling x5  
  113  9:00  Baneling x5  
  113  9:01  Baneling  
  90  9:13  Lurker  
  90  9:16  Zergling x12  
  95  9:17  Drone x5  
  95  9:18  Drone x4  
  104  9:26  Drone x2  
  106  9:34  Grooved Spines  
  106  9:35  Hydralisk  
  106  9:37  Overlord x7  
  108  9:50  Hatchery  
  107  9:58  Hatchery  
  106  10:05  Drone x3  
  106  10:06  Drone x4, Hydralisk x4  
  106  10:07  Hydralisk  
  123  10:18  Drone  
  124  10:22  Drone  
  124  10:23  Hydralisk x3  
  131  10:30  Evolution Chamber  
  131  10:31  Evolution Chamber  
  106  10:46  Hydralisk x2  
  106  10:47  Zergling x6  
  106  10:48  Zergling x2  
  106  10:49  Zergling x22  
  125  10:52  Lurker x2  
  125  10:56  Zergling x2  
  125  10:57  Zergling x10  
  130  10:59  Extractor  
  130  11:01  Extractor  
  112  11:16  Zergling x8  
  112  11:17  Drone x6  
  112  11:18  Drone x2  
  121  11:20  Zerg Missile Weapons Level 1, Zerg Melee Weapons Level 1  
  112  11:32  Hydralisk x3  
  97  11:34  Lurker  
  97  11:35  Lurker  
  97  11:36  Zergling x8  
  97  11:37  Zergling x8  
  105  11:40  Spine Crawler x2  
  105  11:41  Spine Crawler x2  
  105  11:42  Spine Crawler  
  105  11:43  Spine Crawler  
  105  11:44  Spine Crawler  
  105  11:45  Spine Crawler  
  105  11:46  Spine Crawler x3  
  88  11:47  Drone  
  88  11:48  Drone x2  
  88  11:50  Spine Crawler  
  88  11:51  Drone x3  
  93  11:55  Hydralisk x3  
  93  11:56  Hydralisk x2  
  89  12:14  Drone, Zergling x6  
  89  12:15  Drone x6  
  85  12:35  Zergling x2  
  85  12:36  Drone, Zergling x6  
  85  12:37  Drone x2, Zergling x10  
  87  12:38  Zergling x4  
  87  12:41  Lurker x4  
  87  12:43  Baneling x4  
  98  12:45  Baneling  
  98  12:46  Zergling x6  
  101  12:55  Drone x4  
  101  12:57  Hydralisk, Zergling x2  
  108  13:02  Hatchery  
  98  13:18  Baneling x9  
  98  13:19  Baneling x3  
  98  13:21  Zergling x6  
  98  13:22  Drone x3, Hydralisk, Zergling x2  
  98  13:23  Drone  
  98  13:24  Drone x2, Zergling x2  
  98  13:25  Drone  
  91  13:51  Zerg Ground Armor Level 1, Infestation Pit  
  91  13:53  Zergling x10  
  91  13:54  Drone x3, Zergling x4  
  91  13:55  Zergling x2  
  98  14:00  Hydralisk  
  98  14:01  Drone x3  
  103  14:06  Lurker  
  104  14:16  Zergling x8  
  104  14:17  Zergling x10  
  86  14:27  Zergling x4  
  81  14:36  Zergling x4  
  78  14:43  Hive  
  78  14:44  Hatchery  
  77  14:46  Hatchery  
  77  14:48  Hydralisk x4  
  77  14:51  Lurker  
  83  14:54  Zerg Melee Weapons Level 2  
  82  15:14  Hydralisk x4  
  73  15:20  Drone x3  
  73  15:21  Drone x2  
  84  15:23  Drone x4  
  81  15:29  Lurker  
  81  15:30  Zergling x4  
  81  15:31  Zergling x4  
  81  15:32  Drone x2  
  88  15:40  Extractor  
  85  15:44  Extractor  
  85  15:46  Lurker x2  
  86  15:56  Lurker  
  87  15:58  Zergling x6  
  87  15:59  Zergling x2  
  87  16:00  Drone, Zergling x2  
  87  16:01  Drone x5  
  87  16:03  Extractor  
  97  16:06  Hatchery  
  97  16:11  Drone  
  97  16:12  Drone x2  
  97  16:16  Extractor  
  97  16:18  Lurker x3  
  100  16:20  Zergling x10  
  100  16:21  Zergling x2  
  107  16:31  Baneling x4  
  107  16:32  Baneling x6  
  107  16:33  Baneling  
  104  16:45  Baneling x6  
  104  16:46  Baneling x2  
  97  17:12  Seismic Spines  
  90  17:19  Drone x3  
  90  17:20  Drone x3, Ultralisk Cavern  
  95  17:27  Zergling x8  
  95  17:28  Drone x2, Zergling x4  
  95  17:29  Drone  
  90  17:53  Drone x3  
  90  17:54  Drone x7  
  90  17:57  Spine Crawler x2  
  90  17:58  Spine Crawler  
  59  18:09  Adaptive Talons  
  59  18:10  Anabolic Synthesis  
  59  18:11  Ultralisk  
  59  18:12  Zergling x2, Ultralisk x2  
  75  18:13  Drone, Zergling x4  
  75  18:14  Drone x3  
  81  18:25  Zergling x4  
  73  18:33  Hatchery  
  63  18:47  Ultralisk  
  54  19:18  Ultralisk  
  51  19:58  Ultralisk  
  51  20:13  Drone x5  
  51  20:14  Drone  
  51  20:17  Hydralisk  
  53  20:28  Hydralisk  
  53  20:33  Zerg Missile Weapons Level 2  
  52  20:46  Hydralisk  
  52  20:47  Hydralisk x2  
  58  20:55  Drone  
  58  20:56  Drone x2  
  61  20:57  Extractor  
  60  21:06  Hydralisk x2  
  44  21:38  Hydralisk  
  44  21:39  Hydralisk x3  
  48  21:40  Drone  
  48  21:41  Drone x2  
  37  22:03  Extractor  
  37  22:04  Drone x2  
  38  22:16  Hatchery  
  38  22:17  Zergling x10  
  38  22:18  Zergling x6  
  38  22:20  Zergling x2  
  46  22:24  Lurker  
  46  22:27  Lurker  
  48  22:59  Hydralisk x2  
  48  23:03  Hydralisk  
  54  23:06  Lurker  
  54  23:08  Zergling x10  
  54  23:09  Zergling x2  
  54  23:10  Zergling x2  
  57  23:52  Hydralisk x3  
  57  23:53  Hydralisk  
  57  23:54  Drone x3  
  53  24:22  Drone x2  
  55  24:28  Drone  
  56  24:36  Hatchery  
  49  24:39  Lurker x4  
  49  24:44  Drone x2  
  55  24:52  Drone x3, Extractor  
  57  25:29  Hydralisk x4  
  57  25:31  Zergling x2  
  57  25:32  Zergling x14  
  45  26:02  Spore Crawler  
  45  26:03  Spore Crawler x3  
  41  26:04  Drone, Spore Crawler  
  41  26:05  Drone x2  
  41  26:06  Spore Crawler x2  
  41  26:08  Drone x3  
  44  26:11  Zergling x2  
  44  26:12  Zergling x2  
Show
View Real Time Build Order
Export as new Build Order

JakoBo Zerg 

Build Orders: Hatch First, Swarm Host 

Get SALT Encoding   

  12  0:02  Drone  
  13  0:12  Drone  
  14  0:24  Extractor  
  14  0:25  Drone  
  14  0:26  Overlord  
  14  0:56  Drone x2  
  16  0:59  Hatchery  
  15  1:22  Spawning Pool  
  14  1:28  Evolution Chamber  
  14  1:29  Drone  
  14  1:36  Drone  
  16  1:40  Drone  
  16  1:44  Drone  
  17  1:54  Zerg Missile Weapons Level 1  
  17  2:04  Drone x2  
  19  2:16  Lair  
  19  2:25  Drone x2  
  19  2:27  Extractor  
  20  2:36  Drone x3  
  23  2:53  Queen  
  23  2:55  Drone x3  
  28  3:19  Extractor  
  27  3:20  Overlord x4  
  27  3:24  Extractor  
  26  3:40  Drone x4  
  30  3:48  Drone  
  30  3:49  Nydus Network  
  30  3:51  Zerg Missile Weapons Level 2  
  30  3:59  Infestation Pit  
  29  4:06  Drone x3  
  29  4:09  Spine Crawler  
  31  4:22  Zergling x6  
  32  4:24  Metabolic Boost  
  31  4:40  Drone  
  31  4:41  Queen  
  34  4:47  Swarm Host  
  34  4:48  Swarm Host  
  40  5:02  Infestor  
  42  5:10  Drone x2  
  42  5:11  Drone  
  45  5:19  Nydus Canal  
  45  5:23  Swarm Host  
  48  5:33  Drone x2  
  48  5:34  Drone x2  
  48  5:35  Queen  
  52  5:37  Queen  
  52  5:39  Swarm Host  
  54  5:54  Swarm Host x2  
  60  6:05  Overlord x2  
  60  6:46  Pneumatized Carapace  
  60  6:55  Nydus Canal  
  60  7:00  Swarm Host x4  
  72  7:05  Hive  
  60  7:24  Drone x5  
  60  7:27  Spine Crawler  
  64  7:41  Hatchery  
  62  7:54  Swarm Host x2  
  62  7:55  Swarm Host  
  62  7:57  Drone x4  
  75  8:07  Nydus Canal  
  75  8:17  Drone  
  75  8:18  Overlord x3  
  76  8:20  Overseer  
  76  8:38  Nydus Canal  
  76  8:42  Drone x4, Queen  
  76  9:14  Swarm Host  
  76  9:15  Swarm Host x3  
  76  9:16  Drone x3  
  91  9:24  Zerg Missile Weapons Level 3  
  91  9:45  Overlord  
  91  9:46  Overlord x3  
  91  9:48  Hatchery  
  90  9:54  Overseer  
  90  10:13  Drone x3  
  93  10:25  Swarm Host x4  
  93  10:26  Swarm Host  
  104  10:50  Drone  
  105  10:58  Nydus Canal  
  105  11:00  Hatchery  
  104  11:13  Swarm Host  
  104  11:14  Swarm Host x3  
  116  11:42  Nydus Canal  
  116  11:46  Overlord  
  116  11:47  Overlord x5  
  99  12:14  Overseer x3  
  72  12:44  Swarm Host  
  72  12:47  Zergling x2  
  72  12:48  Zergling x20  
  72  12:51  Hatchery  
  84  13:01  Overlord x3  
  84  13:09  Zerg Melee Weapons Level 1  
  84  13:12  Evolution Chamber  
  74  13:13  Drone  
  74  13:15  Drone x2, Ultralisk Cavern  
  74  13:16  Queen x3  
  64  13:29  Drone x4  
  61  13:38  Zerg Ground Armor Level 1  
  61  13:40  Baneling Nest  
  58  13:51  Queen  
  58  13:52  Roach Warren, Queen x2  
  58  13:54  Hydralisk Den, Adrenal Glands  
  61  13:58  Drone x5  
  65  14:16  Spine Crawler  
  59  14:24  Drone x10  
  59  14:27  Queen  
  65  14:41  Drone x8  
  71  14:53  Drone x2  
  71  14:58  Zergling x2  
  72  15:02  Centrifical Hooks  
  72  15:04  Zerg Melee Weapons Level 2  
  68  15:21  Zergling x22  
  61  15:22  Zergling x2  
  68  15:38  Roach  
  68  15:39  Roach x4  
  78  15:45  Drone  
  79  15:57  Extractor, Overseer x2  
  79  15:58  Extractor  
  77  16:11  Roach  
  81  16:19  Roach  
  81  16:20  Roach x3  
  81  16:24  Hatchery  
  88  16:28  Zerg Ground Armor Level 2  
  88  16:45  Roach  
  88  16:46  Roach x5  
  100  17:07  Roach  
  100  17:08  Roach x6  
  114  17:12  Ravager  
  114  17:13  Ravager x6  
  121  17:22  Drone x2  
  123  17:51  Ravager x4  
  117  18:01  Roach x2  
  117  18:02  Roach x11  
  137  18:07  Roach x3  
  137  18:11  Ravager  
  137  18:12  Ravager x6  
  149  18:31  Roach x6  
  159  18:36  Extractor x2  
  159  18:38  Extractor  
  159  18:39  Extractor  
  65  19:10  Roach  
  65  19:11  Roach x6  
  65  19:16  Hatchery  
  72  19:39  Roach  
  72  19:40  Roach x4  
  67  19:47  Roach x2  
  67  19:48  Roach x2  
  67  19:49  Ravager  
  74  19:54  Spine Crawler  
  53  20:11  Drone x6  
  57  20:35  Hatchery  
  56  20:57  Hatchery  
  56  20:58  Roach x4  
  56  20:59  Roach x6  
  56  21:00  Ravager  
  56  21:01  Ravager x2  
  78  21:09  Overseer x2  
  78  21:16  Roach  
  78  21:17  Roach x3  
  83  21:29  Overseer x3  
  63  21:36  Roach  
  59  21:43  Roach x2  
  59  21:54  Roach  
  59  21:55  Roach x9  
  79  22:03  Drone x3  
  82  22:11  Drone  
  82  22:12  Drone x4  
  87  22:29  Hydralisk x2  
  87  22:30  Hydralisk x2  
  87  22:35  Hydralisk  
  97  22:39  Drone x3  
  100  22:56  Grooved Spines  
  100  23:02  Drone x3  
  100  23:03  Extractor, Drone x3  
  100  23:04  Extractor, Drone x2  
  100  23:05  Drone  
  107  23:20  Drone x3  
  107  23:21  Drone x2  
  107  23:23  Drone  
  107  23:24  Hatchery  
  112  23:31  Overseer  
  102  23:52  Ravager x5  
  107  24:07  Muscular Augments  
  107  24:10  Ravager x3  
  107  24:12  Hatchery  
  109  24:17  Hatchery  
  108  24:38  Roach  
  108  24:39  Roach x14  
  108  24:44  Extractor  
  137  25:14  Hydralisk, Roach x9  
  139  25:15  Hydralisk x4  
  139  25:19  Ravager x2  
  139  25:20  Ravager  
  168  25:31  Drone  
  168  25:32  Drone x3, Extractor  
  171  25:38  Ravager x2  
  171  25:39  Ravager x2  
  171  25:42  Drone x10  
  172  25:56  Extractor  
  121  26:11  Roach x8  
  103  26:24  Drone x15  
  113  26:27  Roach  
Show
View Real Time Build Order
Export as new Build Order

SubMarine Terran 

Build Orders: Gas First Reaper Expand 

Get SALT Encoding   

  12  0:00  SCV  
  13  0:12  SCV  
  14  0:23  Supply Depot  
  14  0:25  SCV  
  15  0:28  Refinery  
  15  0:45  SCV  
  15  0:49  Barracks  
  16  0:58  SCV  
  17  1:10  SCV  
  18  1:22  SCV  
  19  1:31  Command Center  
  19  1:36  SCV  
  19  1:38  Reaper  
  21  1:48  SCV  
  21  1:52  Supply Depot  
  22  2:02  Orbital Command  
  22  2:07  Refinery  
  22  2:10  Barracks Reactor  
  22  2:31  Factory  
  22  2:32  SCV  
  23  2:44  SCV  
  24  2:56  SCV  
  25  3:01  Marine x2  
  27  3:08  SCV  
  27  3:10  SCV  
  29  3:15  Command Center  
  29  3:18  Marine x2  
  31  3:23  SCV  
  32  3:36  Factory Tech Lab, Marine x2  
  32  3:37  SCV  
  35  3:53  Orbital Command  
  34  3:57  Barracks, Marine x2  
  34  4:00  Siege Tank  
  39  4:04  SCV  
  39  4:07  Armory  
  40  4:16  Starport, SCV  
  40  4:17  Marine  
  36  4:26  SCV  
  37  4:38  Marine x2  
  39  4:41  Siege Tank  
  39  4:42  SCV x2  
  44  4:49  SCV  
  44  4:50  Barracks Tech Lab  
  45  4:58  Barracks  
  45  5:02  Drilling Claws, Engineering Bay  
  45  5:08  Medivac  
  45  5:12  SCV x2  
  45  5:14  Widow Mine  
  51  5:15  Orbital Command  
  51  5:21  Marine x2  
  51  5:25  SCV  
  51  5:28  Marine, Stimpack  
  54  5:30  SCV  
  54  5:32  Missile Turret  
  54  5:34  Terran Infantry Weapons Level 1  
  54  5:35  Widow Mine  
  58  5:37  SCV  
  58  5:39  Marine x2  
  61  5:43  SCV  
  61  5:49  SCV  
  57  5:53  SCV  
  57  5:54  Marine  
  57  5:55  SCV  
  57  5:56  Marine  
  61  6:04  Supply Depot  
  61  6:08  Barracks Reactor, SCV, Medivac  
  61  6:09  Widow Mine  
  61  6:11  Supply Depot  
  63  6:16  Marine x2  
  65  6:19  SCV x2  
  67  6:27  Missile Turret  
  67  6:30  Widow Mine  
  69  6:35  Marine x3  
  72  6:40  Missile Turret  
  72  6:41  Missile Turret  
  72  6:47  Missile Turret  
  72  6:48  SCV x2  
  72  6:52  SCV  
  72  6:53  Marine  
  76  6:54  Refinery x2  
  76  7:00  SCV  
  77  7:02  Missile Turret  
  77  7:07  Missile Turret  
  77  7:09  Siege Tank  
  75  7:26  Marine x5, Missile Turret  
  75  7:27  Missile Turret  
  75  7:28  SCV x2  
  82  7:34  Refinery  
  82  7:36  Refinery  
  82  7:40  SCV  
  82  7:43  Marine  
  82  7:44  Marine  
  83  7:52  SCV  
  83  7:54  SCV  
  85  8:07  Terran Infantry Weapons Level 2, Supply Depot  
  85  8:08  SCV x3  
  85  8:10  Marine, Supply Depot  
  85  8:11  Marine x4  
  85  8:12  Engineering Bay  
  93  8:13  Starport Reactor  
  93  8:25  Terran Vehicle Weapons Level 1  
  93  8:26  Sensor Tower  
  93  8:28  SCV x3, Marine  
  93  8:29  Combat Shield, Marine x4, Supply Depot  
  93  8:32  Siege Tank  
  104  8:40  SCV x3  
  107  8:46  Marine x2  
  109  8:50  Barracks x2, Marine x3  
  109  8:51  Barracks  
  109  8:52  Barracks, Supply Depot  
  109  8:55  Terran Infantry Armor Level 1  
  112  8:57  Medivac  
  112  8:58  Medivac  
  116  9:04  Marine  
  116  9:08  Marine  
  116  9:09  Marine x3  
  114  9:15  Supply Depot  
  113  9:21  Marine  
  113  9:22  SCV x2  
  113  9:23  SCV  
  117  9:26  Marine x2  
  117  9:27  Marine x2, Medivac  
  117  9:28  Medivac  
  125  9:33  Command Center  
  125  9:38  Supply Depot  
  125  9:39  Marine  
  125  9:44  Marine x2  
  125  9:45  Marine x2  
  130  9:46  Marine  
  130  9:47  Marine x2  
  133  9:55  Marine  
  133  9:57  Marine, Medivac  
  133  9:58  Medivac  
  139  10:01  Supply Depot  
  139  10:02  Marine x4  
  139  10:04  Marine x2  
  145  10:15  Marine  
  145  10:19  Marine  
  145  10:20  Marine x3  
  140  10:23  Barracks Tech Lab x3  
  140  10:24  Barracks Tech Lab, Supply Depot  
  140  10:27  Medivac  
  140  10:28  Medivac  
  144  10:33  Marine  
  145  10:38  Marine  
  131  10:48  Supply Depot  
  131  10:53  Marine x5  
  131  10:54  Marauder x3  
  131  10:56  Marauder  
  132  11:12  Marauder  
  132  11:13  Marine x4  
  132  11:15  Marauder  
  132  11:16  Marauder x2  
  132  11:18  Marauder  
  146  11:20  Medivac x2  
  147  11:30  Marine  
  147  11:31  Marine x3  
  143  11:33  Marauder  
  143  11:37  Marauder x3  
  143  11:39  Marauder  
  153  11:48  Marine x2  
  153  11:49  Marine x2  
  153  11:50  Medivac x2  
  161  11:54  Marauder  
  161  11:58  Marauder x3  
  161  12:01  Marauder  
  156  12:06  Marine x3  
  156  12:07  Marine  
  149  12:16  Marauder  
  149  12:19  Marauder  
  149  12:20  Marauder x2, Medivac x2  
  149  12:21  Marine  
  160  12:24  Marine x2  
  156  12:36  Marine x2  
  158  12:37  Marauder  
  158  12:40  Marauder  
  158  12:41  Marauder x3  
  168  12:49  Medivac  
  170  12:58  Marauder  
  170  13:02  Marauder, Marine x3  
  158  13:46  Terran Infantry Armor Level 2  
  158  13:47  Terran Infantry Weapons Level 3  
  137  13:58  Marauder x3, Marine x3  
  137  14:00  Concussive Shells  
  137  14:02  Terran Vehicle And Ship Armor Level 1  
  144  14:04  Planetary Fortress  
  144  14:11  Marauder x2, Marine  
  144  14:16  Marine x2  
  151  14:20  Marauder  
  153  14:37  Marauder x3, Marine x4  
  163  14:38  Refinery  
  163  14:42  Refinery  
  163  14:54  Marauder x2, Marine  
  163  14:55  Marine x3  
  163  14:58  Marauder, Marine  
  174  15:03  Marine  
  165  15:12  Marine x2  
  157  15:16  Marauder x2  
  161  15:37  Viking x2  
  165  15:56  Terran Ship Weapons Level 1  
  165  16:02  Starport  
  165  16:04  Fusion Core  
  165  16:07  Viking x2  
  165  16:16  Starport x2  
  165  16:40  Starport  
  134  17:16  Marauder x4, Marine x3  
  134  17:17  Marine x2  
  134  17:18  Starport  
  146  17:34  Marine x3  
  131  17:53  Starport Tech Lab x4  
  116  18:13  Terran Ship Weapons Level 2  
  116  18:16  Battlecruiser  
  116  18:17  Battlecruiser x3  
  116  18:18  Starport Tech Lab  
  102  19:17  Battlecruiser  
  101  20:22  Battlecruiser x4  
  101  20:23  Battlecruiser  
  131  20:43  Terran Ship Weapons Level 3  
  131  21:05  Refinery  
  96  22:40  Orbital Command  
  59  24:35  Marauder, Marine  
  59  24:36  Marauder x2  
  66  25:12  Orbital Command  
Tags
 
Add a new tag
Caveats
  • Supply blocks, unpowered buildings, or Contaminate may cause inaccurate times.
  • Supply counts are checked every 10 seconds.